[ AOE2 MATCH · #477070260 ]
UnrankedPersians vs Japanese
[ REPLAY ANALYSIS · EXTRACTED FROM THE RECORDED GAME ]
Feudal
12:54
Castle
16:56
Imperial
35:34
| APM avg | 59.6 |
| APM peak | 92 |
| eAPM avg | 35.4 |
| Villagers / military | 228 / 103 |
Focus
⚔️ 25.3% · 🌾 74.7%
War Elephant ×55 · Archer ×48 · Fishing Ship ×8
Feudal
14:39
Castle
20:23
Imperial
—
| APM avg | 22.8 |
| APM peak | 55 |
| eAPM avg | 13.1 |
| Villagers / military | 85 / 5 |
Focus
⚔️ 30.2% · 🌾 69.8%
Unknown (1974) ×76 · Fishing Ship ×8 · Battering Ram ×5
Feudal
13:31
Castle
17:36
Imperial
—
| APM avg | 46.7 |
| APM peak | 84 |
| eAPM avg | 27.7 |
| Villagers / military | 111 / 54 |
Focus
⚔️ 32.0% · 🌾 68.0%
Samurai ×18 · Fishing Ship ×15 · Spearman ×10 · Fire Galley ×7 · Battering Ram ×7 · Demolition Raft ×5
Feudal
13:23
Castle
20:13
Imperial
38:42
| APM avg | 19.5 |
| APM peak | 55 |
| eAPM avg | 13.0 |
| Villagers / military | 126 / 86 |
Focus
⚔️ 39.1% · 🌾 60.9%
Genoese Crossbowman ×59 · Fishing Ship ×42 · Unknown (2626) ×26 · Fire Galley ×14 · Galley ×8 · Trebuchet (Packed) ×4
Feudal
13:56
Castle
17:55
Imperial
—
| APM avg | 22.7 |
| APM peak | 47 |
| eAPM avg | 14.9 |
| Villagers / military | 118 / 4 |
Focus
⚔️ 8.6% · 🌾 91.4%
Fishing Ship ×10 · Camel Archer ×3 · Mangonel ×1
Feudal
15:12
Castle
19:39
Imperial
32:20
| APM avg | 29.8 |
| APM peak | 63 |
| eAPM avg | 13.4 |
| Villagers / military | 135 / 44 |
Focus
⚔️ 33.2% · 🌾 66.8%
Unknown (882) ×72 · Skirmisher ×21 · Genoese Crossbowman ×17 · Fishing Ship ×6 · Spearman ×4 · Trebuchet (Packed) ×2
Feudal
13:26
Castle
22:47
Imperial
—
| APM avg | 41.7 |
| APM peak | 77 |
| eAPM avg | 23.4 |
| Villagers / military | 128 / 56 |
Focus
⚔️ 19.8% · 🌾 80.2%
Battle Elephant ×47 · Unknown (2626) ×20 · Fishing Ship ×9 · Urumi Swordsman ×4 · Armored Elephant ×4 · Fire Galley ×1
Feudal
13:24
Castle
17:30
Imperial
32:53
| APM avg | 48.8 |
| APM peak | 81 |
| eAPM avg | 26.3 |
| Villagers / military | 161 / 41 |
Focus
⚔️ 28.7% · 🌾 71.3%
Unknown (2626) ×25 · Galley ×20 · Fishing Ship ×10 · Konnik ×9 · Fire Galley ×7 · Trebuchet (Packed) ×4
Match map
Initial resources + every placement click. Lines = walls · curves = elevation contours. ◆ gold · ⬟ stone · ● berries · ✦ relic · ◌ wall gap
Your base· Open — unwalled flank
GELO163Rus's base· Open — unwalled flank
IRON MIKE's base· Open — 13t gap
Nezdeshni's base· Open — 6t gap
Morgan Lahaye's base· Open — unwalled flank
Sauron_ator's base· Open — unwalled flank
trx_buff's base· Open — unwalled flank
knife's base· Open — 12t gap
Smoothed initial terrain · ◌ = detected wall gap · hover for details
Inputs per minute
— JamesGoldAA - - GELO163Rus
Build order — JamesGoldAA
First 150 of 579 actions detected
| 0:29 | Build | Town Center |
| 1:22 | Build | Dock |
| 1:28 | Build | House |
| 2:18 | Build | Palisade Wall |
| 2:44 | Create | Villager (Male) |
| 2:44 | Create | Villager (Male) |
| 2:44 | Create | Villager (Male) |
| 2:44 | Create | Villager (Male) |
| 2:45 | Create | Villager (Male) |
| 2:45 | Create | Villager (Male) |
| 3:01 | Create | Fishing Ship |
| 3:40 | Research | Loom |
| 4:05 | Create | Fishing Ship |
| 4:19 | Create | Villager (Male) |
| 4:20 | Create | Villager (Male) |
| 4:22 | Build | House |
| 4:51 | Build | House |
| 5:03 | Create | Fishing Ship |
| 5:09 | Research | Loom |
| 5:30 | Create | Villager (Male) |
| 5:44 | Create | Villager (Male) |
| 5:44 | Create | Villager (Male) |
| 6:00 | Create | Villager (Male) |
| 6:01 | Create | Fishing Ship |
| 6:02 | Create | Fishing Ship |
| 6:22 | Create | Villager (Male) |
| 6:23 | Create | Villager (Male) |
| 6:29 | Create | Villager (Male) |
| 6:29 | Create | Villager (Male) |
| 6:46 | Create | Villager (Male) |
| 6:46 | Create | Villager (Male) |
| 6:48 | Create | Fishing Ship |
| 7:11 | Build | House |
| 7:24 | Build | House |
| 7:29 | Create | Villager (Male) |
| 7:47 | Create | Villager (Male) |
| 7:51 | Create | Fishing Ship |
| 8:26 | Create | Villager (Male) |
| 8:26 | Create | Villager (Male) |
| 8:26 | Create | Villager (Male) |
| 8:41 | Build | House |
| 8:43 | Create | Villager (Male) |
| 8:57 | Create | Villager (Male) |
| 9:07 | Create | Fishing Ship |
| 9:27 | Build | House |
| 9:38 | Build | Mining Camp |
| 9:52 | Build | House |
| 10:19 | Create | Villager (Male) |
| 10:42 | Build | Mill |
| 10:43 | Create | Villager (Male) |
| 10:50 | Research | Feudal Age |
| 11:09 | Build | Barracks |
| 11:11 | Build | Palisade Wall |
| 11:34 | Create | Villager (Male) |
| 11:36 | Build | Dock |
| 11:53 | Build | House |
| 12:12 | Build | Palisade Wall |
| 12:54 | Age | Feudal Age |
| 13:01 | Build | Archery Range |
| 13:10 | Create | Villager (Male) |
| 13:31 | Create | Villager (Male) |
| 13:51 | Build | Blacksmith |
| 13:52 | Create | Archer |
| 13:53 | Create | Archer |
| 14:08 | Create | Villager (Male) |
| 14:20 | Create | Villager (Male) |
| 14:27 | Research | Castle Age |
| 14:40 | Create | Archer |
| 14:51 | Create | Archer |
| 14:54 | Build | Archery Range |
| 14:55 | Research | Fletching |
| 15:12 | Create | Archer |
| 15:12 | Create | Archer |
| 15:14 | Create | Villager (Male) |
| 15:16 | Create | Villager (Male) |
| 15:34 | Research | Padded Archer Armor |
| 15:44 | Build | Mill |
| 15:54 | Create | Archer |
| 15:55 | Create | Archer |
| 16:08 | Build | Lumber Camp |
| 16:34 | Create | Archer |
| 16:49 | Build | House |
| 16:50 | Build | House |
| 16:56 | Age | Castle Age |
| 16:57 | Build | House |
| 16:57 | Build | House |
| 17:01 | Research | Crossbowman (upgrade) |
| 17:09 | Create | Villager (Male) |
| 17:11 | Research | Double-Bit Axe |
| 17:11 | Research | Double-Bit Axe |
| 17:34 | Research | Bodkin Arrow |
| 17:34 | Research | Bodkin Arrow |
| 17:36 | Create | Villager (Male) |
| 17:51 | Create | Archer |
| 17:51 | Create | Archer |
| 17:51 | Create | Archer |
| 17:56 | Create | Villager (Male) |
| 18:14 | Create | Archer |
| 18:15 | Create | Archer |
| 18:15 | Create | Archer |
| 18:44 | Create | Villager (Male) |
| 18:44 | Create | Villager (Male) |
| 18:45 | Create | Archer |
| 18:45 | Create | Archer |
| 18:46 | Create | Villager (Male) |
| 18:49 | Create | Villager (Male) |
| 18:50 | Create | Villager (Male) |
| 18:55 | Build | Town Center |
| 19:39 | Create | Archer |
| 19:40 | Research | Bow Saw |
| 19:40 | Research | Bow Saw |
| 19:57 | Build | Town Center |
| 19:58 | Create | Archer |
| 19:58 | Create | Archer |
| 20:04 | Create | Villager (Male) |
| 20:07 | Build | House |
| 20:07 | Build | House |
| 20:12 | Create | Archer |
| 20:12 | Create | Archer |
| 20:12 | Create | Archer |
| 20:57 | Create | Villager (Male) |
| 20:58 | Create | Villager (Male) |
| 20:58 | Create | Villager (Male) |
| 20:59 | Create | Villager (Male) |
| 21:29 | Build | Farm |
| 21:41 | Research | Horse Collar |
| 21:41 | Research | Horse Collar |
| 21:44 | Build | Farm |
| 21:44 | Build | Farm |
| 21:44 | Build | Farm |
| 21:44 | Build | Farm |
| 21:45 | Build | Farm |
| 21:45 | Build | Farm |
| 21:45 | Build | Farm |
| 21:45 | Build | Farm |
| 21:54 | Create | Archer |
| 21:54 | Create | Archer |
| 21:54 | Create | Archer |
| 21:55 | Create | Archer |
| 21:57 | Create | Villager (Male) |
| 21:57 | Create | Villager (Male) |
| 21:57 | Create | Villager (Male) |
| 21:57 | Create | Villager (Male) |
| 21:58 | Create | Villager (Male) |
| 21:58 | Create | Villager (Male) |
| 22:03 | Create | Villager (Male) |
| 22:04 | Create | Villager (Male) |
| 22:04 | Create | Villager (Male) |
| 22:12 | Build | Farm |
| 22:13 | Build | Farm |
Build order — GELO163Rus
First 150 of 246 actions detected
| 0:55 | Build | Town Center |
| 1:43 | Build | Dock |
| 1:46 | Build | House |
| 1:50 | Build | Palisade Wall |
| 3:05 | Create | Villager (Male) ×5 |
| 3:06 | Research | Loom |
| 4:33 | Create | Villager (Male) |
| 4:33 | Create | Villager (Male) |
| 4:35 | Create | Fishing Ship |
| 5:59 | Create | Villager (Male) |
| 6:05 | Build | House |
| 6:11 | Create | Villager (Male) |
| 6:11 | Create | Villager (Male) |
| 6:43 | Build | House |
| 6:44 | Create | Villager (Male) |
| 6:45 | Create | Villager (Male) |
| 7:06 | Create | Fishing Ship |
| 7:23 | Create | Villager (Male) |
| 7:24 | Create | Villager (Male) |
| 7:37 | Create | Villager (Male) |
| 7:37 | Create | Villager (Male) |
| 7:57 | Create | Villager (Male) |
| 7:58 | Create | Villager (Male) |
| 8:02 | Create | Fishing Ship |
| 8:41 | Create | Fishing Ship |
| 8:53 | Build | House |
| 9:11 | Create | Villager (Male) |
| 9:11 | Create | Villager (Male) |
| 9:11 | Create | Villager (Male) |
| 9:17 | Create | Fishing Ship |
| 9:32 | Build | Mill |
| 9:47 | Create | Villager (Male) |
| 10:19 | Create | Villager (Male) |
| 10:44 | Create | Villager (Male) |
| 11:23 | Build | Outpost |
| 11:25 | Build | Outpost |
| 11:31 | Create | Villager (Male) |
| 11:31 | Create | Villager (Male) |
| 11:40 | Build | Lumber Camp |
| 11:45 | Create | Villager (Male) |
| 11:51 | Create | Fishing Ship |
| 11:51 | Create | Fishing Ship |
| 11:52 | Create | Fishing Ship |
| 12:12 | Research | Feudal Age |
| 12:43 | Build | Mining Camp |
| 13:21 | Create | Villager (Male) |
| 14:02 | Create | Villager (Male) |
| 14:32 | Create | Villager (Male) |
| 14:39 | Age | Feudal Age |
| 14:56 | Build | House |
| 15:04 | Build | House |
| 15:07 | Build | Market |
| 15:14 | Research | Wheelbarrow |
| 15:18 | Research | Double-Bit Axe |
| 15:30 | Build | Blacksmith |
| 15:44 | Build | Barracks |
| 16:10 | Build | Mill |
| 16:35 | Build | Palisade Wall |
| 16:38 | Build | Palisade Wall |
| 16:41 | Build | Palisade Wall |
| 16:44 | Research | Castle Age |
| 17:03 | Build | Barracks |
| 18:11 | Build | House |
| 18:18 | Build | Farm |
| 18:19 | Build | Farm |
| 18:20 | Build | Farm |
| 18:49 | Research | Forging |
| 18:49 | Research | Scale Mail Armor |
| 18:59 | Build | House |
| 19:29 | Build | House |
| 19:41 | Build | House |
| 19:43 | Build | House |
| 19:55 | Build | House |
| 19:59 | Create | Villager (Male) |
| 20:07 | Build | Mill |
| 20:23 | Age | Castle Age |
| 20:28 | Build | Siege Workshop |
| 20:32 | Create | Unit 1974 |
| 20:32 | Create | Unit 1974 |
| 20:32 | Create | Unit 1974 |
| 20:32 | Create | Unit 1974 |
| 20:33 | Create | Unit 1974 |
| 20:33 | Create | Unit 1974 |
| 20:33 | Create | Unit 1974 |
| 20:34 | Create | Unit 1974 |
| 20:41 | Create | Villager (Male) |
| 20:41 | Create | Villager (Male) |
| 21:02 | Build | Palisade Wall |
| 21:06 | Build | Palisade Gate |
| 21:13 | Create | Battering Ram |
| 21:14 | Create | Battering Ram |
| 21:17 | Build | House |
| 21:18 | Create | Villager (Male) |
| 21:20 | Create | Villager (Male) |
| 21:20 | Create | Villager (Male) |
| 21:24 | Create | Unit 1974 |
| 21:24 | Create | Unit 1974 |
| 21:50 | Build | House |
| 21:57 | Create | Unit 1974 |
| 21:58 | Create | Unit 1974 |
| 21:59 | Research | Squires |
| 22:20 | Create | Battering Ram |
| 22:46 | Create | Unit 1974 |
| 22:47 | Create | Unit 1974 |
| 22:58 | Create | Battering Ram |
| 22:59 | Create | Battering Ram |
| 23:00 | Create | Villager (Male) |
| 23:00 | Create | Villager (Male) |
| 23:32 | Build | House |
| 23:44 | Create | Unit 1974 |
| 23:44 | Create | Unit 1974 |
| 23:45 | Create | Unit 1974 |
| 24:02 | Create | Unit 1974 |
| 24:02 | Create | Unit 1974 |
| 24:03 | Create | Unit 1974 |
| 24:08 | Research | Town Watch |
| 24:09 | Create | Villager (Male) |
| 24:21 | Build | Palisade Wall |
| 24:23 | Build | Palisade Wall |
| 24:40 | Research | Chain Mail Armor |
| 24:49 | Build | Mining Camp |
| 25:47 | Create | Villager (Male) |
| 25:47 | Create | Villager (Male) |
| 25:53 | Build | Town Center |
| 26:05 | Build | Mill |
| 26:15 | Create | Villager (Male) |
| 26:25 | Build | House |
| 26:34 | Create | Villager (Male) |
| 26:55 | Build | House |
| 27:04 | Create | Villager (Male) |
| 27:05 | Create | Villager (Male) |
| 27:50 | Create | Villager (Male) |
| 27:53 | Create | Unit 1974 ×3 |
| 27:54 | Create | Unit 1974 ×3 |
| 28:13 | Create | Villager (Male) |
| 28:22 | Build | Town Center |
| 28:37 | Build | Farm |
| 28:38 | Build | Farm |
| 28:42 | Build | Farm |
| 28:43 | Build | Farm |
| 28:45 | Create | Villager (Male) |
| 28:48 | Create | Villager (Male) |
| 29:01 | Create | Unit 1974 ×2 |
| 29:02 | Create | Unit 1974 ×2 |
| 29:30 | Create | Unit 1974 |
| 29:30 | Create | Unit 1974 |
| 29:30 | Create | Unit 1974 |
| 30:22 | Research | Iron Casting |
| 30:23 | Create | Villager (Male) |
| 31:21 | Create | Villager (Male) |
Build order — IRON MIKE
First 150 of 278 actions detected
| 0:08 | Build | Town Center |
| 0:54 | Build | Dock |
| 1:54 | Build | House |
| 2:01 | Build | Palisade Wall |
| 2:58 | Create | Villager (Male) |
| 2:58 | Create | Villager (Male) |
| 2:59 | Create | Villager (Male) |
| 3:00 | Create | Villager (Male) |
| 3:30 | Build | Palisade Wall |
| 3:44 | Create | Fishing Ship |
| 4:26 | Build | House |
| 4:33 | Create | Villager (Male) |
| 5:05 | Create | Villager (Male) |
| 5:20 | Create | Villager (Male) |
| 5:35 | Create | Villager (Male) |
| 5:48 | Create | Villager (Male) |
| 5:49 | Create | Villager (Male) |
| 6:09 | Create | Fishing Ship |
| 6:09 | Create | Fishing Ship |
| 6:23 | Create | Villager (Male) |
| 6:23 | Create | Villager (Male) |
| 6:23 | Create | Villager (Male) |
| 6:33 | Build | House |
| 7:06 | Create | Villager (Male) |
| 7:43 | Create | Villager (Male) |
| 7:44 | Create | Villager (Male) |
| 7:46 | Create | Fishing Ship |
| 7:52 | Build | House |
| 8:13 | Create | Villager (Male) |
| 8:20 | Create | Villager (Male) |
| 8:21 | Create | Villager (Male) |
| 8:28 | Create | Villager (Male) |
| 8:28 | Create | Villager (Male) |
| 8:43 | Create | Villager (Male) |
| 9:00 | Build | House |
| 9:02 | Create | Fishing Ship |
| 9:23 | Build | Mill |
| 9:42 | Create | Villager (Male) |
| 9:42 | Create | Villager (Male) |
| 9:54 | Create | Villager (Male) |
| 9:56 | Create | Fishing Ship |
| 10:13 | Build | Dock |
| 10:23 | Create | Villager (Male) |
| 10:32 | Create | Villager (Male) |
| 10:32 | Create | Villager (Male) |
| 10:43 | Create | Fishing Ship |
| 11:10 | Research | Feudal Age |
| 11:23 | Create | Villager (Male) |
| 11:36 | Build | Mining Camp |
| 11:47 | Build | House |
| 11:53 | Create | Fishing Ship |
| 13:28 | Build | House |
| 13:31 | Age | Feudal Age |
| 13:37 | Build | Lumber Camp |
| 13:43 | Build | Market |
| 13:45 | Build | Blacksmith |
| 14:00 | Create | Villager (Male) |
| 14:09 | Create | Fishing Ship |
| 14:10 | Create | Fishing Ship |
| 14:24 | Create | Fire Galley |
| 14:31 | Create | Villager (Male) |
| 14:33 | Build | Palisade Wall |
| 14:34 | Build | Palisade Wall |
| 14:55 | Research | Castle Age |
| 15:18 | Create | Fire Galley |
| 15:18 | Create | Fire Galley |
| 15:22 | Create | Unit 2626 |
| 15:26 | Research | Double-Bit Axe |
| 15:27 | Research | Double-Bit Axe |
| 15:43 | Build | House |
| 15:53 | Create | Villager (Male) |
| 16:06 | Create | Unit 2626 |
| 16:24 | Create | Villager (Male) |
| 16:42 | Create | Fire Galley |
| 16:45 | Create | Unit 2626 |
| 17:08 | Create | Fire Galley |
| 17:28 | Create | Villager (Male) |
| 17:36 | Age | Castle Age |
| 17:41 | Create | Fire Galley |
| 17:41 | Create | Fire Galley |
| 17:45 | Research | War Galley (upgrade) |
| 17:45 | Research | War Galley (upgrade) |
| 17:54 | Create | Villager (Male) |
| 18:03 | Build | Town Center |
| 18:08 | Research | Bow Saw |
| 18:25 | Create | Villager (Male) |
| 18:59 | Research | Forging |
| 19:00 | Create | Villager (Male) |
| 19:37 | Create | Villager (Male) |
| 19:41 | Create | Villager (Male) |
| 20:14 | Research | Tech 906 |
| 20:15 | Create | Villager (Male) |
| 20:15 | Create | Villager (Male) |
| 20:58 | Create | Villager (Male) |
| 21:00 | Create | Villager (Male) |
| 21:11 | Research | Loom |
| 21:12 | Research | Wheelbarrow |
| 21:13 | Create | Villager (Male) |
| 21:18 | Build | Mill |
| 21:22 | Build | Farm |
| 21:24 | Research | Horse Collar |
| 21:25 | Create | Villager (Male) |
| 21:28 | Create | Villager (Male) |
| 21:32 | Create | Fishing Ship |
| 21:32 | Create | Fishing Ship |
| 21:33 | Create | Fishing Ship |
| 21:33 | Create | Fishing Ship |
| 21:35 | Build | House |
| 21:36 | Build | House |
| 21:37 | Build | House |
| 22:19 | Create | Villager (Male) |
| 22:35 | Create | Villager (Male) |
| 22:47 | Research | Stone Mining |
| 22:47 | Research | Stone Mining |
| 23:00 | Build | Stone Wall |
| 23:05 | Build | House |
| 23:12 | Create | Villager (Male) |
| 23:20 | Create | Fishing Ship |
| 23:23 | Research | Gillnets |
| 23:23 | Research | Gillnets |
| 23:37 | Build | House |
| 23:37 | Build | House |
| 23:38 | Create | Villager (Male) |
| 23:48 | Build | Castle |
| 24:03 | Build | Siege Workshop |
| 24:10 | Create | Villager (Male) |
| 24:15 | Build | Farm |
| 24:16 | Create | Villager (Male) |
| 24:23 | Create | Villager (Male) |
| 24:30 | Create | Galley ×3 |
| 24:58 | Research | Fletching |
| 24:58 | Research | Fletching |
| 25:09 | Create | Samurai |
| 25:09 | Create | Samurai |
| 25:09 | Create | Samurai |
| 25:09 | Create | Samurai |
| 25:10 | Create | Villager (Male) |
| 25:10 | Create | Villager (Male) |
| 25:11 | Create | Villager (Male) |
| 25:12 | Research | Scale Mail Armor |
| 25:13 | Research | Scale Mail Armor |
| 25:13 | Research | Iron Casting |
| 25:25 | Build | Lumber Camp |
| 25:32 | Create | Samurai |
| 25:43 | Create | Mangonel |
| 26:07 | Research | Tech 905 |
| 26:11 | Create | Demolition Raft |
| 26:11 | Create | Demolition Raft |
| 26:11 | Create | Demolition Raft |
| 26:11 | Create | Demolition Raft |
Build order — Nezdeshni
First 150 of 236 actions detected
| 0:13 | Build | Town Center |
| 2:34 | Create | Villager (Male) ×4 |
| 2:35 | Create | Villager (Male) ×4 |
| 3:13 | Build | Dock |
| 3:31 | Research | Loom |
| 3:32 | Create | Villager (Male) ×2 |
| 4:01 | Create | Villager (Male) |
| 4:01 | Create | Villager (Male) |
| 4:39 | Create | Fishing Ship |
| 4:44 | Create | Villager (Male) |
| 4:44 | Create | Villager (Male) |
| 5:19 | Build | House |
| 5:31 | Create | Villager (Male) |
| 5:32 | Create | Villager (Male) |
| 5:46 | Create | Fishing Ship |
| 5:46 | Create | Fishing Ship |
| 6:04 | Create | Villager (Male) |
| 6:04 | Create | Villager (Male) |
| 6:17 | Create | Fishing Ship |
| 6:45 | Build | House |
| 6:47 | Create | Villager (Male) ×2 |
| 6:48 | Create | Villager (Male) ×2 |
| 7:06 | Create | Villager (Male) |
| 7:13 | Build | House |
| 7:29 | Create | Villager (Male) |
| 7:44 | Create | Fishing Ship |
| 7:44 | Create | Fishing Ship |
| 7:57 | Create | Villager (Male) ×2 |
| 8:13 | Create | Villager (Male) |
| 8:15 | Create | Fishing Ship |
| 8:37 | Create | Fishing Ship |
| 9:13 | Build | Lumber Camp |
| 9:36 | Create | Villager (Male) |
| 9:38 | Create | Fishing Ship |
| 10:07 | Build | Dock |
| 10:22 | Create | Villager (Male) |
| 10:22 | Create | Villager (Male) |
| 10:33 | Build | House |
| 10:35 | Build | House |
| 10:50 | Create | Fishing Ship |
| 11:11 | Research | Feudal Age |
| 11:17 | Create | Fishing Ship ×3 |
| 11:40 | Build | Mining Camp |
| 12:07 | Create | Fishing Ship |
| 13:00 | Create | Villager (Male) ×5 |
| 13:08 | Create | Fishing Ship ×3 |
| 13:15 | Create | Villager (Male) ×5 |
| 13:23 | Age | Feudal Age |
| 13:24 | Research | Double-Bit Axe |
| 13:24 | Research | Double-Bit Axe |
| 13:57 | Build | Mill |
| 13:59 | Create | Villager (Male) |
| 14:40 | Build | Market |
| 14:43 | Build | Palisade Wall |
| 14:48 | Build | Palisade Gate |
| 14:56 | Create | Unit 2626 |
| 15:05 | Create | Villager (Male) |
| 15:11 | Research | Gold Mining |
| 15:23 | Create | Fire Galley |
| 15:33 | Build | House |
| 15:45 | Create | Unit 2626 |
| 15:52 | Create | Fire Galley |
| 16:01 | Research | Wheelbarrow |
| 16:21 | Build | Blacksmith |
| 16:23 | Build | House |
| 16:25 | Build | House |
| 16:26 | Build | House |
| 16:29 | Build | House |
| 16:30 | Build | House |
| 16:34 | Build | House |
| 16:36 | Build | House |
| 16:39 | Build | Palisade Wall |
| 16:54 | Research | Tech 906 |
| 17:05 | Build | House |
| 17:07 | Build | Palisade Wall |
| 17:15 | Build | Palisade Wall |
| 17:17 | Build | Palisade Gate |
| 17:21 | Research | Castle Age |
| 17:24 | Create | Unit 2626 |
| 17:25 | Create | Fire Galley |
| 17:29 | Research | Fletching |
| 17:30 | Research | Forging |
| 17:38 | Research | Stone Mining |
| 18:20 | Create | Unit 2626 |
| 18:21 | Create | Fire Galley |
| 18:30 | Build | Dock |
| 18:55 | Create | Fire Galley |
| 18:56 | Create | Unit 2626 |
| 18:58 | Create | Unit 2626 |
| 19:16 | Build | Dock |
| 20:02 | Create | Unit 2626 |
| 20:03 | Create | Fire Galley |
| 20:04 | Create | Unit 2626 |
| 20:05 | Create | Fire Galley |
| 20:13 | Age | Castle Age |
| 20:16 | Research | Town Watch |
| 20:18 | Research | Gillnets |
| 20:35 | Create | Villager (Male) ×5 |
| 20:40 | Build | Town Center |
| 21:07 | Research | War Galley (upgrade) |
| 21:07 | Research | War Galley (upgrade) |
| 21:28 | Create | Unit 2626 |
| 22:05 | Create | Villager (Male) |
| 22:06 | Create | Villager (Male) |
| 22:08 | Create | Villager (Male) ×5 |
| 22:29 | Create | Fire Galley |
| 22:29 | Create | Unit 2626 |
| 22:30 | Create | Fire Galley |
| 22:33 | Create | Unit 2626 |
| 22:41 | Create | Villager (Male) ×3 |
| 23:36 | Build | University |
| 23:39 | Research | Stone Shaft Mining |
| 23:41 | Create | Villager (Male) ×5 |
| 23:56 | Research | Horse Collar |
| 24:08 | Research | Careening |
| 24:31 | Research | Tech 908 |
| 24:42 | Create | Galley ×4 |
| 24:58 | Create | Villager (Male) ×4 |
| 25:52 | Build | Castle |
| 26:00 | Build | House |
| 26:12 | Research | Treadmill Crane |
| 26:13 | Research | Ballistics |
| 26:31 | Create | Fishing Ship ×5 |
| 26:43 | Research | Bow Saw |
| 26:54 | Create | Villager (Male) ×5 |
| 27:14 | Build | Town Center |
| 27:39 | Build | Farm |
| 27:40 | Research | Heavy Plow |
| 27:44 | Create | Fishing Ship ×4 |
| 27:46 | Create | Villager (Male) ×5 |
| 27:59 | Build | Farm |
| 28:25 | Build | Farm |
| 28:26 | Create | Villager (Male) ×5 |
| 28:34 | Create | Fishing Ship ×5 |
| 28:36 | Create | Fishing Ship ×3 |
| 28:36 | Create | Fishing Ship ×3 |
| 28:41 | Research | Coinage |
| 29:04 | Build | Mining Camp |
| 29:14 | Create | Fishing Ship ×5 |
| 29:26 | Create | Unit 2626 |
| 29:26 | Create | Unit 2626 |
| 29:26 | Create | Fire Galley |
| 29:27 | Create | Fire Galley |
| 29:27 | Create | Galley |
| 29:28 | Create | Galley |
| 29:37 | Research | Hand Cart |
| 29:43 | Research | Padded Archer Armor |
| 29:44 | Research | Bodkin Arrow |
| 29:51 | Build | Monastery |
| 30:04 | Create | Unit 2626 |
Build order — Morgan Lahaye
First 150 of 221 actions detected
| 0:35 | Build | Town Center |
| 1:31 | Build | House |
| 1:36 | Build | Dock |
| 2:54 | Create | Villager (Male) |
| 2:55 | Create | Villager (Male) |
| 3:00 | Create | Villager (Male) |
| 3:01 | Create | Villager (Male) |
| 4:06 | Build | House |
| 4:23 | Create | Villager (Male) |
| 4:23 | Create | Villager (Male) |
| 5:00 | Create | Villager (Male) |
| 5:00 | Create | Villager (Male) |
| 5:29 | Create | Villager (Male) |
| 5:29 | Create | Villager (Male) |
| 5:37 | Create | Fishing Ship |
| 5:53 | Create | Villager (Male) |
| 6:02 | Build | House |
| 6:15 | Create | Villager (Male) |
| 6:34 | Create | Fishing Ship |
| 6:34 | Create | Fishing Ship |
| 6:42 | Create | Villager (Male) |
| 7:05 | Create | Villager (Male) |
| 7:14 | Create | Fishing Ship |
| 7:33 | Create | Villager (Male) |
| 7:35 | Build | House |
| 7:50 | Create | Villager (Male) |
| 8:04 | Create | Villager (Male) |
| 8:08 | Create | Fishing Ship |
| 8:44 | Research | Loom |
| 8:44 | Create | Villager (Male) |
| 8:59 | Create | Villager (Male) |
| 9:05 | Create | Fishing Ship |
| 9:08 | Build | House |
| 9:25 | Create | Fishing Ship |
| 9:36 | Create | Villager (Male) |
| 9:51 | Build | House |
| 10:03 | Create | Fishing Ship |
| 10:26 | Create | Villager (Male) |
| 10:30 | Build | Mining Camp |
| 10:37 | Create | Villager (Male) |
| 11:01 | Build | House |
| 11:02 | Create | Fishing Ship |
| 11:21 | Create | Villager (Male) |
| 11:43 | Research | Feudal Age |
| 12:02 | Build | Mill |
| 13:56 | Age | Feudal Age |
| 13:59 | Create | Villager (Male) |
| 13:59 | Create | Villager (Male) |
| 14:05 | Build | Blacksmith |
| 14:10 | Build | Market |
| 14:32 | Research | Tech 906 |
| 15:15 | Research | Castle Age |
| 15:34 | Create | Fishing Ship |
| 16:07 | Research | Padded Archer Armor |
| 16:59 | Build | Outpost |
| 17:06 | Research | Town Watch |
| 17:36 | Research | Fletching |
| 17:55 | Age | Castle Age |
| 18:40 | Create | Villager (Male) |
| 18:41 | Create | Villager (Male) |
| 18:41 | Create | Villager (Male) |
| 18:47 | Build | Castle |
| 18:59 | Build | Market |
| 19:02 | Build | Market |
| 19:15 | Create | Villager (Male) |
| 19:18 | Build | Market |
| 19:52 | Create | Camel Archer |
| 19:52 | Create | Camel Archer |
| 19:59 | Build | Lumber Camp |
| 20:43 | Create | Villager (Male) |
| 20:43 | Create | Villager (Male) |
| 20:48 | Build | Siege Workshop |
| 20:50 | Build | House |
| 21:16 | Create | Villager (Male) |
| 21:40 | Build | Town Center |
| 22:23 | Create | Villager (Male) |
| 22:23 | Create | Villager (Male) |
| 22:37 | Build | Farm |
| 22:45 | Build | Farm |
| 22:46 | Build | Farm |
| 22:51 | Create | Villager (Male) |
| 22:52 | Create | Villager (Male) |
| 23:02 | Create | Camel Archer |
| 23:14 | Create | Villager (Male) |
| 23:14 | Create | Villager (Male) |
| 23:17 | Build | Farm |
| 23:35 | Create | Villager (Male) |
| 24:05 | Build | Castle |
| 24:20 | Create | Mangonel |
| 24:46 | Create | Villager (Male) |
| 24:46 | Create | Villager (Male) |
| 25:08 | Create | Villager (Male) |
| 25:08 | Create | Villager (Male) |
| 26:52 | Build | Town Center |
| 27:33 | Create | Villager (Male) |
| 27:55 | Build | Lumber Camp |
| 28:16 | Create | Villager (Male) |
| 28:16 | Create | Villager (Male) |
| 28:43 | Research | Double-Bit Axe |
| 29:07 | Create | Villager (Male) |
| 29:17 | Build | Town Center |
| 29:22 | Create | Villager (Male) |
| 29:25 | Build | Farm |
| 29:28 | Build | Farm |
| 29:30 | Create | Villager (Male) |
| 29:35 | Build | Farm |
| 30:14 | Create | Villager (Male) |
| 30:21 | Build | Town Center |
| 30:25 | Create | Villager (Male) |
| 30:51 | Create | Villager (Male) |
| 31:04 | Build | Town Center |
| 31:05 | Create | Villager (Male) |
| 31:06 | Create | Villager (Male) |
| 31:13 | Build | Farm |
| 31:21 | Create | Villager (Male) |
| 31:22 | Create | Villager (Male) |
| 31:42 | Create | Villager (Male) |
| 32:15 | Build | Mill |
| 32:19 | Research | Wheelbarrow |
| 32:28 | Create | Villager (Male) |
| 33:02 | Create | Villager (Male) |
| 33:02 | Create | Villager (Male) |
| 33:15 | Create | Villager (Male) |
| 33:19 | Build | Farm |
| 33:19 | Build | Farm |
| 33:21 | Create | Villager (Male) |
| 33:30 | Build | House |
| 33:33 | Build | House |
| 33:34 | Build | House |
| 33:37 | Build | House |
| 33:56 | Create | Villager (Male) |
| 34:02 | Create | Villager (Male) |
| 34:03 | Create | Villager (Male) |
| 34:05 | Create | Villager (Male) |
| 34:21 | Create | Villager (Male) |
| 34:22 | Create | Villager (Male) |
| 34:26 | Build | House |
| 34:27 | Build | House |
| 34:54 | Create | Villager (Male) |
| 34:54 | Create | Villager (Male) |
| 34:54 | Create | Villager (Male) |
| 34:59 | Build | House |
| 35:00 | Build | House |
| 35:01 | Build | House |
| 35:02 | Build | House |
| 35:09 | Build | Farm |
| 35:10 | Create | Villager (Male) |
| 35:10 | Create | Villager (Male) |
| 35:11 | Create | Villager (Male) |
| 35:11 | Create | Villager (Male) |
Build order — Sauron_ator
First 150 of 288 actions detected
| 0:56 | Build | Town Center |
| 1:18 | Build | Dock |
| 1:21 | Build | House |
| 3:14 | Create | Villager (Male) ×4 |
| 4:34 | Research | Loom |
| 4:34 | Research | Loom |
| 4:35 | Create | Villager (Male) |
| 5:00 | Build | House |
| 5:26 | Create | Fishing Ship |
| 5:29 | Create | Villager (Male) |
| 5:29 | Create | Villager (Male) |
| 5:29 | Create | Villager (Male) |
| 6:10 | Create | Villager (Male) |
| 6:35 | Create | Villager (Male) |
| 7:02 | Create | Villager (Male) ×2 |
| 7:11 | Build | House |
| 7:20 | Create | Fishing Ship |
| 7:49 | Create | Villager (Male) ×2 |
| 8:43 | Create | Villager (Male) |
| 8:48 | Build | House |
| 8:51 | Create | Fishing Ship |
| 9:14 | Create | Villager (Male) ×5 |
| 9:17 | Create | Fishing Ship |
| 9:50 | Create | Villager (Male) |
| 10:05 | Build | Outpost |
| 10:10 | Build | House |
| 10:15 | Create | Fishing Ship |
| 10:51 | Create | Fishing Ship |
| 10:52 | Create | Villager (Male) |
| 11:25 | Build | House |
| 11:40 | Create | Villager (Male) |
| 12:01 | Build | House |
| 12:30 | Create | Villager (Male) |
| 12:33 | Build | Mining Camp |
| 13:02 | Research | Feudal Age |
| 13:02 | Research | Feudal Age |
| 13:02 | Research | Feudal Age |
| 13:15 | Build | Dock |
| 13:24 | Build | Outpost |
| 13:57 | Build | Mill |
| 14:30 | Build | Outpost |
| 15:12 | Age | Feudal Age |
| 15:19 | Build | Market |
| 15:39 | Build | Dock |
| 15:41 | Create | Villager (Male) |
| 15:46 | Build | Blacksmith |
| 15:48 | Create | Villager (Male) |
| 16:59 | Research | Castle Age |
| 17:31 | Build | Mining Camp |
| 17:32 | Research | Horse Collar |
| 17:32 | Research | Horse Collar |
| 17:40 | Build | Lumber Camp |
| 17:57 | Research | Double-Bit Axe |
| 17:57 | Research | Double-Bit Axe |
| 17:57 | Research | Double-Bit Axe |
| 18:27 | Build | Outpost |
| 18:57 | Build | Outpost |
| 19:39 | Age | Castle Age |
| 19:43 | Create | Villager (Male) |
| 19:48 | Build | Town Center |
| 19:53 | Build | Town Center |
| 19:54 | Create | Villager (Male) |
| 20:11 | Research | Bow Saw |
| 20:11 | Research | Heavy Plow |
| 20:14 | Create | Villager (Male) |
| 20:36 | Create | Villager (Male) |
| 20:40 | Build | Outpost |
| 20:44 | Build | Stone Wall |
| 20:45 | Build | Stone Wall |
| 20:45 | Build | Stone Wall |
| 20:46 | Build | Stone Wall |
| 20:55 | Create | Villager (Male) |
| 20:55 | Create | Villager (Male) |
| 21:01 | Create | Villager (Male) ×2 |
| 21:04 | Build | Farm |
| 21:06 | Build | Farm |
| 21:08 | Build | Farm |
| 21:11 | Build | Farm |
| 21:27 | Build | Farm |
| 21:31 | Create | Villager (Male) |
| 21:37 | Build | Farm |
| 22:09 | Create | Villager (Male) |
| 22:14 | Build | Farm |
| 22:22 | Build | Farm |
| 22:23 | Create | Villager (Male) |
| 22:23 | Create | Villager (Male) |
| 22:23 | Create | Villager (Male) |
| 22:24 | Create | Villager (Male) |
| 22:24 | Create | Villager (Male) |
| 22:37 | Create | Villager (Male) |
| 22:56 | Create | Villager (Male) |
| 23:02 | Build | Outpost |
| 23:10 | Create | Villager (Male) |
| 23:13 | Create | Villager (Male) |
| 23:14 | Create | Villager (Male) |
| 23:18 | Build | Farm |
| 23:20 | Build | Farm |
| 23:22 | Build | Farm |
| 23:24 | Create | Villager (Male) |
| 23:38 | Create | Villager (Male) |
| 23:38 | Create | Villager (Male) |
| 23:44 | Build | House |
| 23:49 | Build | House |
| 23:51 | Build | House |
| 23:52 | Build | House |
| 23:53 | Build | House |
| 23:54 | Build | House |
| 23:55 | Build | House |
| 24:14 | Create | Villager (Male) |
| 24:14 | Create | Villager (Male) |
| 24:25 | Build | Farm |
| 24:25 | Build | Farm |
| 24:26 | Build | Farm |
| 24:26 | Build | Farm |
| 24:26 | Build | Farm |
| 24:30 | Create | Villager (Male) |
| 24:39 | Create | Villager (Male) |
| 24:40 | Create | Villager (Male) |
| 24:41 | Create | Villager (Male) |
| 24:51 | Build | Town Center |
| 24:52 | Create | Villager (Male) |
| 25:05 | Create | Villager (Male) ×5 |
| 25:28 | Create | Villager (Male) |
| 25:38 | Create | Villager (Male) |
| 25:40 | Build | Farm |
| 25:42 | Build | Farm |
| 25:43 | Build | Farm |
| 25:44 | Create | Villager (Male) |
| 25:50 | Create | Villager (Male) |
| 25:59 | Create | Villager (Male) |
| 26:12 | Build | Lumber Camp |
| 26:17 | Build | Farm |
| 26:18 | Build | Farm |
| 26:18 | Build | Farm |
| 26:20 | Build | Farm |
| 26:24 | Research | Wheelbarrow |
| 26:27 | Create | Villager (Male) ×5 |
| 26:30 | Create | Villager (Male) ×3 |
| 26:48 | Build | House |
| 26:48 | Build | House |
| 26:48 | Build | House |
| 26:48 | Build | House |
| 26:49 | Build | House |
| 26:57 | Create | Villager (Male) ×4 |
| 27:05 | Build | House |
| 27:06 | Build | House |
| 27:20 | Create | Villager (Male) |
| 27:23 | Build | Farm |
| 27:23 | Build | Farm |
| 27:24 | Build | Farm |
Build order — trx_buff
First 150 of 353 actions detected
| 1:12 | Build | Town Center |
| 1:35 | Build | Dock |
| 3:27 | Create | Villager (Male) |
| 3:27 | Create | Villager (Male) |
| 3:27 | Create | Villager (Male) |
| 4:11 | Create | Fishing Ship |
| 4:11 | Create | Fishing Ship |
| 4:11 | Create | Fishing Ship |
| 4:28 | Create | Villager (Male) |
| 4:29 | Create | Villager (Male) |
| 4:52 | Build | House |
| 5:24 | Build | House |
| 5:45 | Build | House |
| 5:50 | Research | Loom |
| 6:11 | Create | Villager (Male) |
| 6:11 | Create | Villager (Male) |
| 6:20 | Create | Fishing Ship |
| 6:21 | Create | Fishing Ship |
| 6:38 | Create | Villager (Male) |
| 6:38 | Create | Villager (Male) |
| 6:57 | Build | House |
| 7:04 | Create | Villager (Male) |
| 7:04 | Create | Villager (Male) |
| 7:21 | Create | Fishing Ship |
| 7:22 | Create | Villager (Male) |
| 7:23 | Create | Villager (Male) |
| 7:51 | Create | Villager (Male) |
| 7:51 | Create | Villager (Male) |
| 7:59 | Create | Fishing Ship |
| 8:14 | Create | Villager (Male) |
| 8:15 | Create | Villager (Male) |
| 8:44 | Create | Villager (Male) |
| 8:44 | Create | Villager (Male) |
| 9:07 | Create | Villager (Male) |
| 9:09 | Create | Fishing Ship |
| 9:09 | Create | Fishing Ship |
| 9:14 | Build | House |
| 9:28 | Build | House |
| 9:50 | Create | Villager (Male) |
| 10:13 | Create | Villager (Male) |
| 10:18 | Build | Mining Camp |
| 10:26 | Create | Villager (Male) |
| 10:44 | Build | House |
| 11:16 | Research | Feudal Age |
| 11:16 | Research | Feudal Age |
| 11:49 | Create | Villager (Male) |
| 11:54 | Build | House |
| 11:55 | Build | House |
| 12:07 | Build | Dock |
| 12:16 | Create | Villager (Male) |
| 12:24 | Build | House |
| 12:34 | Build | Palisade Wall |
| 12:43 | Build | Palisade Wall |
| 12:45 | Build | Palisade Wall |
| 13:06 | Build | House |
| 13:26 | Age | Feudal Age |
| 13:35 | Create | Unit 2626 |
| 13:35 | Create | Unit 2626 |
| 13:36 | Create | Unit 2626 |
| 13:37 | Create | Unit 2626 |
| 13:37 | Create | Unit 2626 |
| 13:59 | Build | Lumber Camp |
| 14:36 | Create | Villager (Male) |
| 14:39 | Create | Villager (Male) |
| 15:14 | Create | Villager (Male) |
| 15:32 | Create | Unit 2626 |
| 15:32 | Create | Unit 2626 |
| 15:52 | Create | Villager (Male) |
| 15:54 | Create | Villager (Male) |
| 15:58 | Research | Double-Bit Axe |
| 16:25 | Create | Unit 2626 |
| 16:26 | Create | Unit 2626 |
| 16:26 | Create | Unit 2626 |
| 16:27 | Create | Villager (Male) |
| 16:34 | Create | Villager (Male) |
| 16:37 | Build | House |
| 17:11 | Create | Villager (Male) |
| 17:13 | Create | Fire Galley |
| 17:13 | Create | Unit 2626 |
| 17:14 | Create | Unit 2626 |
| 17:26 | Create | Villager (Male) |
| 17:31 | Build | Outpost |
| 17:35 | Build | Mill |
| 17:40 | Create | Villager (Male) |
| 17:56 | Create | Villager (Male) |
| 18:00 | Create | Unit 2626 |
| 18:00 | Create | Unit 2626 |
| 18:02 | Create | Villager (Male) |
| 18:34 | Create | Unit 2626 |
| 18:35 | Create | Unit 2626 |
| 18:47 | Build | Blacksmith |
| 19:32 | Build | Market |
| 19:42 | Create | Villager (Male) |
| 20:01 | Research | Castle Age |
| 20:02 | Research | Castle Age |
| 20:42 | Create | Villager (Male) |
| 21:06 | Build | Mining Camp |
| 21:33 | Build | Barracks |
| 22:16 | Create | Unit 2626 |
| 22:17 | Create | Unit 2626 |
| 22:21 | Create | Unit 2626 |
| 22:21 | Create | Unit 2626 |
| 22:47 | Age | Castle Age |
| 22:57 | Research | War Galley (upgrade) |
| 23:07 | Create | Villager (Male) |
| 23:10 | Build | Town Center |
| 23:17 | Build | Town Center |
| 23:18 | Create | Villager (Male) |
| 23:26 | Build | Palisade Wall |
| 23:28 | Build | Palisade Wall |
| 23:29 | Build | Palisade Wall |
| 23:49 | Build | House |
| 23:50 | Build | House |
| 23:50 | Build | House |
| 23:51 | Build | House |
| 23:58 | Create | Villager (Male) |
| 24:24 | Create | Villager (Male) |
| 24:35 | Build | Siege Workshop |
| 24:38 | Create | Villager (Male) |
| 24:39 | Create | Villager (Male) |
| 24:39 | Create | Villager (Male) |
| 25:08 | Create | Villager (Male) |
| 25:09 | Create | Villager (Male) |
| 25:09 | Create | Villager (Male) |
| 25:09 | Create | Villager (Male) |
| 25:15 | Create | Villager (Male) |
| 25:38 | Create | Armored Elephant |
| 25:38 | Create | Armored Elephant |
| 25:38 | Create | Armored Elephant |
| 25:39 | Create | Armored Elephant |
| 25:56 | Create | Villager (Male) |
| 25:56 | Create | Villager (Male) |
| 25:57 | Create | Villager (Male) |
| 26:06 | Build | Farm |
| 26:07 | Build | Farm |
| 26:07 | Build | Farm |
| 26:07 | Build | Farm |
| 26:07 | Build | Farm |
| 26:08 | Build | Farm |
| 26:23 | Build | Stable |
| 26:30 | Create | Villager (Male) |
| 26:30 | Create | Villager (Male) |
| 26:31 | Create | Villager (Male) |
| 26:31 | Create | Villager (Male) |
| 26:34 | Build | Farm |
| 26:34 | Build | Farm |
| 26:34 | Build | Farm |
| 26:35 | Build | Farm |
| 26:35 | Build | Farm |
| 26:35 | Build | Farm |
Build order — knife
First 150 of 389 actions detected
| 0:11 | Build | Town Center |
| 2:00 | Build | Dock |
| 2:05 | Build | House |
| 2:33 | Create | Villager (Male) |
| 2:33 | Create | Villager (Male) |
| 3:12 | Create | Villager (Male) |
| 3:12 | Create | Villager (Male) |
| 3:13 | Create | Villager (Male) |
| 3:34 | Create | Fishing Ship |
| 3:34 | Create | Fishing Ship |
| 4:16 | Create | Villager (Male) |
| 4:17 | Create | Villager (Male) |
| 4:17 | Create | Villager (Male) |
| 4:24 | Build | House |
| 4:43 | Create | Villager (Male) |
| 4:44 | Create | Villager (Male) |
| 4:44 | Create | Villager (Male) |
| 5:11 | Create | Villager (Male) |
| 5:11 | Create | Villager (Male) |
| 5:29 | Build | House |
| 5:32 | Build | Palisade Wall |
| 5:38 | Build | Palisade Wall |
| 5:43 | Create | Villager (Male) |
| 5:43 | Create | Villager (Male) |
| 5:48 | Create | Fishing Ship |
| 5:48 | Create | Fishing Ship |
| 5:48 | Create | Fishing Ship |
| 6:10 | Create | Villager (Male) |
| 6:10 | Create | Villager (Male) |
| 6:36 | Create | Villager (Male) |
| 6:36 | Create | Villager (Male) |
| 6:36 | Create | Villager (Male) |
| 6:41 | Create | Fishing Ship |
| 7:14 | Build | House |
| 7:14 | Create | Villager (Male) |
| 7:15 | Create | Villager (Male) |
| 7:15 | Create | Villager (Male) |
| 7:15 | Create | Villager (Male) |
| 7:32 | Build | House |
| 7:44 | Build | House |
| 7:50 | Create | Villager (Male) |
| 7:50 | Create | Villager (Male) |
| 7:51 | Create | Villager (Male) |
| 8:02 | Create | Fishing Ship |
| 8:07 | Create | Villager (Male) |
| 8:28 | Create | Villager (Male) |
| 8:28 | Create | Villager (Male) |
| 8:29 | Create | Villager (Male) |
| 8:30 | Create | Fishing Ship |
| 8:55 | Build | House |
| 9:04 | Create | Villager (Male) |
| 9:05 | Create | Villager (Male) |
| 9:05 | Create | Villager (Male) |
| 9:42 | Build | Lumber Camp |
| 9:59 | Create | Fishing Ship |
| 10:11 | Create | Fishing Ship |
| 10:52 | Build | House |
| 11:11 | Build | Mill |
| 11:14 | Research | Feudal Age |
| 11:15 | Research | Feudal Age |
| 11:40 | Build | Mining Camp |
| 12:32 | Create | Villager (Male) |
| 12:54 | Build | House |
| 13:14 | Create | Villager (Male) |
| 13:24 | Age | Feudal Age |
| 13:32 | Build | Blacksmith |
| 13:35 | Build | House |
| 13:43 | Build | Market |
| 13:49 | Build | House |
| 14:19 | Research | Loom |
| 14:19 | Research | Loom |
| 14:34 | Research | Double-Bit Axe |
| 14:50 | Research | Castle Age |
| 14:50 | Research | Castle Age |
| 15:14 | Create | Fire Galley |
| 15:15 | Create | Fire Galley |
| 15:20 | Research | Tech 906 |
| 15:28 | Build | Dock |
| 15:37 | Build | House |
| 15:38 | Build | House |
| 16:03 | Create | Villager (Male) |
| 16:14 | Create | Galley |
| 16:35 | Build | Dock |
| 16:51 | Create | Galley |
| 16:56 | Create | Galley |
| 17:02 | Create | Galley |
| 17:05 | Create | Villager (Male) |
| 17:12 | Build | House |
| 17:16 | Build | House |
| 17:17 | Build | House |
| 17:19 | Build | Palisade Wall |
| 17:30 | Age | Castle Age |
| 17:39 | Research | War Galley (upgrade) |
| 17:39 | Research | War Galley (upgrade) |
| 18:32 | Build | Dock |
| 18:51 | Create | Fire Galley |
| 18:52 | Create | Fire Galley |
| 18:52 | Create | Fire Galley |
| 18:59 | Create | Villager (Male) |
| 18:59 | Create | Villager (Male) |
| 19:05 | Research | Bow Saw |
| 19:05 | Research | Bow Saw |
| 19:23 | Create | Unit 2626 |
| 19:24 | Create | Unit 2626 |
| 19:27 | Create | Galley |
| 19:30 | Create | Fire Galley |
| 19:30 | Create | Fire Galley |
| 19:33 | Create | Villager (Male) |
| 19:33 | Create | Villager (Male) |
| 19:41 | Build | House |
| 20:09 | Create | Villager (Male) |
| 20:10 | Create | Villager (Male) |
| 20:12 | Create | Villager (Male) |
| 20:22 | Build | Town Center |
| 20:28 | Research | Wheelbarrow |
| 20:28 | Research | Wheelbarrow |
| 20:29 | Research | Horse Collar |
| 20:41 | Create | Villager (Male) |
| 20:42 | Create | Villager (Male) |
| 20:47 | Create | Villager (Male) |
| 21:16 | Create | Galley |
| 21:16 | Create | Galley |
| 21:17 | Create | Galley |
| 21:29 | Create | Villager (Male) |
| 21:30 | Create | Villager (Male) |
| 21:38 | Build | Monastery |
| 21:42 | Create | Villager (Male) |
| 21:42 | Create | Villager (Male) |
| 22:59 | Create | Villager (Male) |
| 22:59 | Create | Villager (Male) |
| 23:02 | Build | Town Center |
| 23:13 | Research | Fletching |
| 23:13 | Research | Fletching |
| 23:17 | Build | University |
| 23:23 | Create | Galley |
| 23:23 | Create | Galley |
| 23:27 | Create | Villager (Male) |
| 23:27 | Create | Villager (Male) |
| 23:31 | Create | Unit 2626 |
| 23:44 | Build | Farm |
| 23:47 | Build | Farm |
| 24:10 | Create | Villager (Male) |
| 24:11 | Create | Villager (Male) |
| 24:12 | Create | Villager (Male) |
| 24:12 | Create | Villager (Male) |
| 24:12 | Create | Villager (Male) |
| 24:27 | Create | Villager (Male) |
| 24:27 | Create | Villager (Male) |
| 24:31 | Build | Farm |
| 24:32 | Build | Farm |
Match timeline
| 0:54 | IRON MIKE · first_building Dock |
| 1:18 | Sauron_ator · first_building Dock |
| 1:22 | JamesGoldAA · first_building Dock |
| 1:35 | trx_buff · first_building Dock |
| 1:36 | Morgan Lahaye · first_building Dock |
| 1:43 | GELO163Rus · first_building Dock |
| 1:50 | GELO163Rus · wall_segment Palisade Wall x1 |
| 2:00 | knife · first_building Dock |
| 2:01 | IRON MIKE · wall_segment Palisade Wall x1 |
| 2:18 | JamesGoldAA · wall_segment Palisade Wall x1 |
| 3:13 | Nezdeshni · first_building Dock |
| 3:30 | IRON MIKE · wall_segment Palisade Wall x1 |
| 5:32 | knife · wall_segment Palisade Wall x1 |
| 5:38 | knife · wall_segment Palisade Wall x1 |
| 11:09 | JamesGoldAA · first_building Barracks |
| 11:11 | JamesGoldAA · wall_segment Palisade Wall x1 |
| 12:12 | JamesGoldAA · wall_segment Palisade Wall x3 |
| 12:34 | trx_buff · wall_segment Palisade Wall x1 |
| 12:43 | trx_buff · wall_segment Palisade Wall x1 |
| 12:45 | trx_buff · wall_segment Palisade Wall x1 |
| 12:54 | JamesGoldAA · age_up feudal |
| 13:01 | JamesGoldAA · first_building Archery Range |
| 13:23 | Nezdeshni · age_up feudal |
| 13:24 | knife · age_up feudal |
| 13:26 | trx_buff · age_up feudal |
| 13:31 | IRON MIKE · age_up feudal |
| 13:56 | Morgan Lahaye · age_up feudal |
| 14:33 | IRON MIKE · wall_segment Palisade Wall x1 |
| 14:34 | IRON MIKE · wall_segment Palisade Wall x1 |
| 14:39 | GELO163Rus · age_up feudal |
| 14:43 | Nezdeshni · wall_segment Palisade Wall x2 |
| 15:12 | Sauron_ator · age_up feudal |
| 15:16 | IRON MIKE · first_market_sell 100 wood |
| 15:44 | GELO163Rus · first_building Barracks |
| 16:35 | GELO163Rus · wall_segment Palisade Wall x6 |
| 16:38 | GELO163Rus · wall_segment Palisade Wall x2 |
| 16:39 | Nezdeshni · wall_segment Palisade Wall x1 |
| 16:41 | GELO163Rus · wall_segment Palisade Wall x13 |
| 16:56 | JamesGoldAA · age_up castle |
| 17:07 | Nezdeshni · wall_segment Palisade Wall x1 |
| 17:15 | Nezdeshni · wall_segment Palisade Wall x17 |
| 17:19 | knife · wall_segment Palisade Wall x1 |
| 17:30 | knife · age_up castle |
| 17:34 | Morgan Lahaye · first_market_sell 100 food |
| 17:36 | IRON MIKE · age_up castle |
| 17:55 | Morgan Lahaye · age_up castle |
| 18:47 | Morgan Lahaye · first_building Castle |
| 19:39 | Sauron_ator · age_up castle |
| 20:08 | Sauron_ator · first_market_buy 100 food |
| 20:13 | Nezdeshni · age_up castle |
| 20:23 | GELO163Rus · age_up castle |
| 20:28 | GELO163Rus · first_building Siege Workshop |
| 20:37 | GELO163Rus · first_market_sell 100 wood |
| 20:44 | Sauron_ator · wall_segment Stone Wall x1 |
| 20:45 | Sauron_ator · wall_segment Stone Wall x1 |
| 20:45 | Sauron_ator · wall_segment Stone Wall x1 |
| 20:46 | Sauron_ator · wall_segment Stone Wall x1 |
| 20:48 | Morgan Lahaye · first_building Siege Workshop |
| 21:02 | GELO163Rus · wall_segment Palisade Wall x13 |
| 21:33 | trx_buff · first_building Barracks |
| 21:36 | Morgan Lahaye · first_market_buy 100 wood |
| 21:38 | knife · first_building Monastery |
| 21:55 | Nezdeshni · tribute_sent a jugador 1 |
| 21:55 | Nezdeshni · tribute_sent a jugador 2 |
| 21:55 | Nezdeshni · tribute_sent a jugador 4 |
| 21:55 | Nezdeshni · tribute_sent a jugador 5 |
| 21:55 | Nezdeshni · tribute_sent a jugador 6 |
| 21:55 | Nezdeshni · tribute_sent a jugador 7 |
| 21:55 | Nezdeshni · tribute_sent a jugador 8 |
| 22:26 | trx_buff · first_market_buy 100 wood |
| 22:27 | trx_buff · first_market_sell 100 food |
| 22:47 | trx_buff · age_up castle |
| 23:00 | IRON MIKE · wall_segment Stone Wall x9 |
| 23:26 | trx_buff · wall_segment Palisade Wall x1 |
| 23:28 | trx_buff · wall_segment Palisade Wall x1 |
| 23:29 | trx_buff · wall_segment Palisade Wall x1 |
| 23:43 | IRON MIKE · first_market_buy 100 stone |
| 23:48 | IRON MIKE · first_building Castle |
| 24:03 | IRON MIKE · first_building Siege Workshop |
| 24:21 | GELO163Rus · wall_segment Palisade Wall x11 |
| 24:23 | GELO163Rus · wall_segment Palisade Wall x5 |
| 24:35 | trx_buff · first_building Siege Workshop |
| 25:52 | Nezdeshni · first_building Castle |
| 26:23 | trx_buff · first_building Stable |
| 26:47 | IRON MIKE · tribute_sent a jugador 1 |
| 26:47 | IRON MIKE · tribute_sent a jugador 3 |
| 26:47 | IRON MIKE · tribute_sent a jugador 4 |
| 26:47 | IRON MIKE · tribute_sent a jugador 5 |
| 26:47 | IRON MIKE · tribute_sent a jugador 6 |
| 26:47 | IRON MIKE · tribute_sent a jugador 7 |
| 26:47 | IRON MIKE · tribute_sent a jugador 8 |
| 27:03 | GELO163Rus · first_market_buy 100 food |
| 27:12 | JamesGoldAA · first_building Siege Workshop |
| 28:00 | Sauron_ator · first_building Monastery |
| 28:29 | knife · first_market_buy 100 wood |
| 29:13 | Sauron_ator · first_building Barracks |
| 29:44 | JamesGoldAA · first_market_buy 100 food |
| 29:51 | Nezdeshni · first_building Monastery |
| 29:51 | knife · first_building Krepost |
| 30:24 | Sauron_ator · first_building Castle |
| 31:26 | JamesGoldAA · first_building Castle |
| 32:03 | trx_buff · first_building Castle |
| 32:20 | Sauron_ator · age_up imperial |
| 32:53 | knife · age_up imperial |
| 33:27 | Sauron_ator · first_market_sell 500 stone |
| 34:07 | knife · first_building Siege Workshop |
| 35:19 | knife · first_building Barracks |
| 35:34 | JamesGoldAA · age_up imperial |
| 35:35 | Nezdeshni · first_market_sell 500 wood |
| 36:21 | Sauron_ator · first_building Archery Range |
| 36:41 | IRON MIKE · first_building Barracks |
| 36:45 | knife · first_building Castle |
| 36:54 | knife · first_building Stable |
| 37:13 | Morgan Lahaye · wall_segment Palisade Wall x2 |
| 37:16 | Nezdeshni · tribute_sent a jugador 1 |
| 37:16 | Nezdeshni · tribute_sent a jugador 2 |
| 37:16 | Nezdeshni · tribute_sent a jugador 4 |
| 37:16 | Nezdeshni · tribute_sent a jugador 5 |
| 37:16 | Nezdeshni · tribute_sent a jugador 6 |
| 37:16 | Nezdeshni · tribute_sent a jugador 7 |
| 37:16 | Nezdeshni · tribute_sent a jugador 8 |
| 38:41 | GELO163Rus · first_building Castle |
| 38:42 | Nezdeshni · age_up imperial |
| 38:55 | GELO163Rus · wall_segment Palisade Wall x5 |
| 39:17 | knife · first_market_sell 100 food |
| 39:46 | IRON MIKE · first_building Monastery |
| 40:23 | IRON MIKE · resign |
[ AI ANALYSIS · 1 CREDIT ]
What really happened in this match?
Wolo.gg analyzes every decision: build order, eco, micro, common mistakes by bracket. Personalized analysis on WhatsApp or Discord in 30 seconds.
Civ guide
Persians
Perfil
Jugador #684805